 Dungeon Crawl Stone Soup version 0.31.0 (webtiles) character file.

Game seed: 14066096784622667897

121 qw the Shooter (level 5, -2/32 HPs)
             Began as a Gargoyle Hunter on Jan 19, 2024.
             Slain by an orc wizard
             ... wielding a +0 dagger
              (3 damage)
             ... on level 3 of the Dungeon.
             The game lasted 00:00:08 (1695 turns).

qw the Shooter (Gargoyle Hunter)                    Turns: 1695, Time: 00:00:08

Health: -2/32      AC:  9    Str: 14    XL:     5   Next: 5%
Magic:  5/5        EV: 11    Int: 10    God:
Gold:   72         SH:  0    Dex: 15    Spells: 4/4 levels left

rFire   . . .        a - +0 shortbow
rCold   . . .        (shield currently unavailable)
rNeg    + + .        g - +0 ring mail
rPois   inf          (no helmet)
rElec   +            (no cloak)
rCorr   .            (no gloves)
SInv    .            (no boots)
Will    .....        l - amulet of the acrobat
Stlth   +            k - ring of positive energy
HPRegen 0.25/turn    (no ring)
MPRegen 0.09/turn

%: acrobat
@: no status effects
A: sickness immunity, AC +4, negative energy resistance 1, electricity
resistance, torment resistance 1, petrification resistance
a: no special abilities


You were on level 3 of the Dungeon.
You visited 1 branch of the dungeon, and saw 3 of its levels.

You collected 72 gold pieces.


Innate Abilities, Weirdness & Mutations

You are immune to sickness and miasma.
Your stone body is resilient. (AC +4)
You are immune to poison.
You resist negative energy. (rN+)
You are resistant to electric shocks. (rElec)
You are resistant to unholy torment.
You are immune to petrification.


   Skills:
 - Level 3.0 Fighting
 + Level 5.6 Ranged Weapons
 - Level 1.4 Armour
 - Level 1.5 Dodging
 - Level 1.1 Stealth


You had 4 spell levels left.
You didn't know any spells.
Your spell library was empty.

Inventory:

Hand Weapons
 a - a +0 shortbow (weapon)
Armour
 g - a +0 ring mail (worn)
 i - a +0 pair of boots
Jewellery
 k - a ring of positive energy (left hand)
 l - an amulet of the acrobat (around neck)
Scrolls
 e - a scroll of identify {unknown}
Potions
 b - 2 potions of brilliance {unknown}
 c - a potion of enlightenment {unknown}
 d - a potion of haste {unknown}
 f - a potion of might {unknown}
 h - a potion of curing
 j - 2 potions of resistance {unknown}

Dungeon Overview and Level Annotations

Branches:
Dungeon (3/15)

Altars:
Zin

Shops:
D:1 !((   D:3 *


Message History

The orc hits you with a +0 flail! Something hits you.
You hear some strange, mumbled words.
A magic dart appears from out of thin air!
The magic dart hits you but does no damage.
The orc barely misses you.
You hear some strange, mumbled words.
You are confused.
Something hits you but does no damage.
1690 ||| DRINKING 2 potions of curing.
You feel better.
1690 ||| (to cure confusion)
The orc barely misses you. Something hits you but does no damage.
You hear some strange, mumbled words.
Something tries to affect you, but you resist.
You shoot an arrow. The arrow closely misses the orc.
The arrow barely misses the orc.
The orc barely misses you.
You hear some strange, mumbled words.
A puff of flame appears from out of thin air!
The puff of flame hits you. Something hits you but does no damage.
You shoot an arrow. The arrow hits the orc.
The orc is almost dead.
The orc closely misses you.
You hear some strange, mumbled words.
A puff of flame appears from out of thin air!
The puff of flame hits you! Something hits you but does no damage.
You shoot an arrow. The arrow hits the orc.
You kill the orc!
Something hits you but does no damage.
You hear some strange, mumbled words.
A magic dart appears from out of thin air!
The magic dart hits you.
You shoot an arrow. The arrow hits the orc.
The orc is severely wounded.
Something hits you. Something hits you but does no damage.
The orc closely misses you.
You shoot an arrow. The arrow hits the orc.
You kill the orc!
Something barely misses you. Something hits you but does no damage.
Something hits you.
You die...

#############.#
.........<....#
#############.# ##
#.# ..# #.#####..#
######........###
#................
#.......){{......
#........@)......
###############......
#### #........ ##.###
#... #........# #
#... #........###
########...
####.....[....
...........
............#
##...........
####........####
..............
.....(.........####.#
...........


There were no monsters in sight!

Vanquished Creatures
  7 adders
  2 ribbon worms
  3 orcs (D:3)
  5 ball pythons
  3 bats
  5 endoplasms
  2 giant cockroaches
  3 goblins
  5 hobgoblins
  2 jackals (D:2)
  9 kobolds
  2 quokkas (D:1)
  3 frilled lizards
  3 rats
54 creatures vanquished.

Notes
Turn   | Place    | Note
-------+----------+-------------------------------------------
     0 | D:1      | qw the Gargoyle Hunter began the quest for the Orb.
     0 | D:1      | Reached XP level 1. HP: 12/12 MP: 1/1
     0 | D:1      | 0 ||| qw: Version: 0.3-a-132-g3d54051
     0 | D:1      | 0 ||| qw: Game counter: 60
     0 | D:1      | 0 ||| qw: Melee chars always use a shield: true
     0 | D:1      | 0 ||| qw: God list: Okawaru
     0 | D:1      | 0 ||| qw: Allow faded altars: false
     0 | D:1      | 0 ||| qw: Do Orc after clearing Dungeon:15 true
     0 | D:1      | 0 ||| qw: Do second Lair branch before Depths: true
     0 | D:1      | 0 ||| qw: Lair rune preference: random
     0 | D:1      | 0 ||| qw: Goals: Normal
     0 | D:1      | 0 ||| PLANNING D:1-11
    83 | D:1      | Found a faded altar of an unknown god.
    99 | D:1      | Reached XP level 2. HP: 17/17 MP: 2/2
   459 | D:1      | Found Lidu Icir's Weapon Shoppe.
   526 | D:1      | Found Tenacaph's Weapon Emporium.
   527 | D:1      | Found Uladunn's Distillery.
   603 | D:1      | 603 ||| SHOPLISTING potion of curing (42 gold, have 17).
   603 | D:1      | 603 ||| SHOPLISTING potion of enlightenment (70 gold, have
                  | 17).
   603 | D:1      | 603 ||| SHOPLISTING potion of heal wounds (70 gold, have
                  | 17).
   603 | D:1      | 603 ||| SHOPLISTING potion of might (56 gold, have 17).
   603 | D:1      | 603 ||| SHOPLISTING potion of resistance (140 gold, have
                  | 17).
   687 | D:1      | 687 ||| UPGRADING to +0 ring mail.
   697 | D:1      | 697 ||| DROPPING +0 leather armour.
   698 | D:1      | 698 ||| READING scroll labelled ICUDGH JURPHORHALAA.
   698 | D:1      | 698 ||| ENCHANTING +0 shortbow.
   699 | D:1      | 699 ||| DRINKING 2 silvery potions.
   700 | D:1      | 700 ||| DROPPING scroll of butterflies.
   748 | D:2      | Reached XP level 3. HP: 21/21 MP: 3/3
   838 | D:2      | Reached skill level 1 in Armour
   896 | D:2      | 896 ||| FLEEEEING.
   944 | D:2      | Reached skill level 5 in Ranged Weapons
   999 | D:2      | Reached XP level 4. HP: 27/27 MP: 4/4
  1028 | D:2      | Reached skill level 3 in Fighting
  1151 | D:2      | 1151 ||| UPGRADING to amulet of the acrobat.
  1156 | D:2      | 1156 ||| UPGRADING to ring of positive energy.
  1157 | D:2      | 1157 ||| READING scroll labelled ETHAOKHAWKE.
  1161 | D:2      | 1161 ||| READING 2 scrolls labelled GARUBUMURI.
  1162 | D:2      | 1162 ||| READING scroll labelled VOOMMU CAFAUB.
  1163 | D:2      | 1163 ||| DROPPING scroll of immolation.
  1453 | D:3      | Found Zin's Purification Station.
  1456 | D:3      | Found a glowing silver altar of Zin.
  1459 | D:3      | 1459 ||| SHOPLISTING potion of curing (90 gold, have 68).
  1552 | D:3      | Reached XP level 5. HP: 32/32 MP: 5/5
  1687 | D:3      | 1687 ||| DRINKING 3 potions of curing.
  1687 | D:3      | 1687 ||| (to cure confusion)
  1689 | D:3      | HP: 8/32 [something (2)]
  1690 | D:3      | 1690 ||| DRINKING 2 potions of curing.
  1690 | D:3      | 1690 ||| (to cure confusion)
  1692 | D:3      | HP: 3/32 [something/puff of flame (9)]
  1694 | D:3      | HP: 1/32 [something (2)]
  1695 | D:3      | Slain by an orc wizard

Levels and vault maps discovered:
D:1:      dpeg_arrival_windows_large_door, layout_loops_ring,
          shapermc_ecumenical_altar_gd, serial_shops, shop,
          nicolae_shop_back_alley_shop, nicolae_shop_tiny_glass
D:2:      layout_rooms, minmay_pentomino_w2
D:3:      layout_basic, zin_purify

Skill      XL: |  1  2  3  4 |
---------------+-------------+-----
Armour         | 1 |  1.4
Ranged Weapons | 5 |  5.6
Fighting       | 3 |  3.0
Dodging        | |  1.5
Stealth        | |  1.1

Action                     |  1- 3 |  4- 6 || total
---------------------------+-------+-------++-------
   Fire: Shortbow          |   125 |    63 ||   188
    Use: Scroll            |     1 |     3 ||     4
         Potion            |     1 |     2 ||     3
 Armour: Leather armour    |    11 |       ||    11
         Ring mail         |    14 |    45 ||    59
  Dodge: Dodged            |    38 |    26 ||    64

Table legend:
 A = Non-vault XP
 B = Vault XP
 C = Vault XP percentage of total XP
 D = Non-vault monster count
 E = Vault monster count
 F = Vault count percentage of total count
                 A         B        C        D         E       F
            +---------+---------+-------+---------+---------+-------
      Total |     174 |       2 |   1.1 |      53 |       1 |   1.9
            +---------+---------+-------+---------+---------+-------
        D:1 |      32 |       0 |   0.0 |      19 |       0 |   0.0
        D:2 |     103 |       2 |   1.9 |      22 |       1 |   4.3
        D:3 |      39 |       0 |   0.0 |      12 |       0 |   0.0
            +---------+---------+-------+---------+---------+-------
